Map: Lightshade LE

Players

MicroToWin

  • Race: Protoss Protoss
  • League: Platinum

ViBE - Winner!

  • Race: Protoss Protoss
  • League: Platinum

VOD

Have the link to the VOD?

Description

Time

  • Played on: April 6, 2021, 10:25 p.m.
  • Length: 14:42
Show
View Real Time Build Order
Export as new Build Order

MicroToWin Protoss 

Build Orders:  

Get SALT Encoding   

  12  0:00  Probe  
  13  0:12  Probe  
  14  0:17  Pylon  
  14  0:24  Probe  
  15  0:36  Probe (Chrono Boost)  
  15  0:38  Gateway  
  16  0:44  Assimilator  
  16  0:48  Probe (Chrono Boost)  
  17  0:53  Assimilator  
  18  0:57  Probe (Chrono Boost)  
  18  1:03  Probe  
  18  1:10  Gateway  
  19  1:15  Probe (Chrono Boost)  
  20  1:24  Probe (Chrono Boost)  
  21  1:27  Cybernetics Core  
  21  1:32  Probe  
  21  1:37  Pylon  
  22  1:44  Probe  
  23  2:22  Stalker  
  25  2:23  Stalker  
  25  2:25  Warp Gate (Chrono Boost)  
  27  2:36  Pylon  
  27  2:43  Gateway  
  27  2:52  Stalker x2  
  31  3:15  Pylon  
  31  3:22  Stalker x2  
  35  3:43  Nexus  
  35  4:07  Stalker x3  
  33  4:37  Stalker x2  
  33  4:38  Stalker, Stargate  
  39  4:44  Probe  
  40  4:56  Probe (Chrono Boost)  
  41  5:01  Probe (Chrono Boost)  
  43  5:08  Probe (Chrono Boost)  
  43  5:10  Probe (Chrono Boost)  
  43  5:13  Probe (Chrono Boost)  
  38  5:17  Stalker x3  
  38  5:19  Probe  
  38  5:21  Shield Battery  
  44  5:31  Probe (Chrono Boost)  
  44  5:32  Probe (Chrono Boost)  
  46  5:37  Void Ray  
  46  5:42  Probe (Chrono Boost)  
  48  5:45  Probe (Chrono Boost)  
  48  5:47  Probe (Chrono Boost)  
  53  5:53  Probe  
  54  6:00  Pylon  
  54  6:14  Void Ray  
  54  6:18  Pylon, Probe x2  
  54  6:21  Pylon  
  54  6:22  Zealot  
  62  6:33  Nexus  
  62  6:36  Probe x2  
  62  6:37  Pylon  
  64  6:45  Pylon  
  64  6:48  Probe  
  64  6:51  Void Ray  
  64  6:52  Assimilator  
  65  6:56  Assimilator  
  65  7:00  Probe  
  65  7:01  Probe  
  71  7:02  Pylon  
  71  7:10  Zealot x2  
  71  7:13  Probe  
  76  7:17  Twilight Council  
  76  7:23  Probe  
  76  7:25  Void Ray (Chrono Boost), Zealot, Probe  
  80  7:35  Probe  
  86  7:37  Probe  
  86  7:43  Pylon  
  86  7:47  Probe  
  86  7:49  Gateway, Probe  
  88  7:53  Charge  
  88  7:59  Probe  
  88  8:00  Forge, Probe  
  88  8:01  Void Ray, Probe  
  88  8:02  Forge  
  91  8:11  Probe  
  96  8:21  Protoss Air Weapons Level 1 (Chrono Boost)  
  96  8:22  Nexus  
  96  8:25  Nexus  
  96  8:28  Pylon  
  96  8:34  Probe (Chrono Boost)  
  97  8:38  Void Ray  
  98  8:42  Probe (Chrono Boost)  
  98  8:43  Probe (Chrono Boost)  
  103  8:48  Probe (Chrono Boost)  
  103  8:49  Probe (Chrono Boost)  
  103  8:52  Zealot x2  
  103  8:53  Zealot x2  
  113  8:59  Pylon, Probe  
  113  9:01  Probe  
  115  9:06  Assimilator  
  115  9:09  Assimilator  
  115  9:15  Zealot x4  
  115  9:16  Void Ray  
  124  9:17  Probe  
  124  9:19  Probe x2  
  130  9:26  Shield Battery  
  130  9:28  Protoss Ground Weapons Level 1 (Chrono Boost)  
  130  9:29  Probe  
  131  9:31  Probe x2  
  131  9:36  Blink  
  131  9:37  Zealot  
  135  9:39  Protoss Ground Armor Level 1 (Chrono Boost)  
  135  9:46  Probe x2  
  135  9:47  Probe x2  
  139  9:53  Void Ray  
  139  9:58  Probe  
  144  10:07  Dark Shrine  
  144  10:08  Probe x2  
  144  10:10  Zealot  
  144  10:11  Zealot x2, Robotics Facility  
  152  10:17  Pylon  
  152  10:20  Pylon  
  152  10:30  Void Ray  
  152  10:31  Pylon, Photon Cannon  
  152  10:32  Photon Cannon, Zealot  
  152  10:33  Shield Battery  
  152  10:34  Photon Cannon  
  152  10:35  Photon Cannon  
  148  10:48  Zealot  
  148  10:49  Zealot x2  
  110  11:00  Probe x2  
  110  11:01  Probe  
  110  11:03  Zealot  
  93  11:09  Gateway  
  93  11:10  Gateway  
  86  11:12  Probe  
  86  11:14  Gateway  
  86  11:16  Gateway  
  86  11:20  Dark Templar x2  
  86  11:21  Dark Templar  
  90  11:26  Void Ray  
  90  11:30  Pylon  
  75  11:53  Dark Templar x3  
  75  11:54  Dark Templar  
  83  12:04  Void Ray  
  83  12:10  Nexus  
  83  12:13  Pylon  
  87  12:16  Probe x3  
  87  12:17  Pylon  
  90  12:28  Probe x3  
  93  12:40  Probe  
  93  12:41  Void Ray  
  88  12:47  Stalker  
  88  12:48  Stalker x5  
  104  12:59  Photon Cannon  
  104  13:03  Fleet Beacon  
  104  13:07  Photon Cannon  
  103  13:16  Pylon  
  91  13:24  Dark Templar x4  
  91  13:25  Dark Templar  
  62  13:45  Probe  
  60  13:57  Probe  
  61  14:09  Probe  
Show
View Real Time Build Order
Export as new Build Order

ViBE Protoss - Winner!

Build Orders: 1 Gate Expand, Archon Immortal 

Get SALT Encoding   

  12  0:00  Probe  
  13  0:12  Probe  
  14  0:21  Pylon  
  14  0:24  Probe  
  15  0:39  Probe (Chrono Boost)  
  15  0:40  Gateway  
  16  0:44  Assimilator  
  17  0:51  Probe (Chrono Boost)  
  17  0:57  Probe (Chrono Boost)  
  18  1:06  Probe  
  19  1:18  Probe  
  20  1:25  Nexus  
  20  1:33  Cybernetics Core  
  20  1:36  Probe  
  21  1:44  Assimilator  
  21  1:48  Probe  
  21  1:51  Pylon  
  22  2:00  Probe  
  23  2:09  Stalker (Chrono Boost)  
  23  2:10  Warp Gate  
  23  2:12  Probe  
  26  2:19  Pylon  
  26  2:24  Probe  
  27  2:30  Sentry  
  27  2:36  Probe  
  30  2:39  Shield Battery  
  30  2:40  Probe  
  31  2:48  Probe  
  31  2:49  Robotics Facility  
  32  2:52  Probe  
  33  3:00  Probe  
  33  3:04  Stalker, Probe  
  38  3:12  Probe  
  38  3:14  Gateway  
  38  3:16  Probe  
  39  3:25  Probe  
  40  3:28  Probe  
  41  3:37  Probe  
  41  3:38  Immortal (Chrono Boost)  
  41  3:41  Probe  
  47  3:49  Probe  
  47  3:50  Pylon  
  47  3:53  Pylon, Probe  
  49  4:01  Probe  
  49  4:02  Stalker  
  51  4:05  Probe  
  52  4:11  Stalker  
  52  4:17  Immortal  
  52  4:23  Assimilator, Probe x2  
  56  4:25  Assimilator  
  56  4:30  Stalker  
  58  4:35  Probe x2 (Chrono Boost)  
  60  4:52  Stalker  
  61  4:53  Probe x2  
  61  4:54  Stalker  
  65  5:09  Nexus  
  65  5:10  Pylon, Immortal  
  65  5:13  Pylon, Probe x2  
  67  5:25  Probe (Chrono Boost)  
  67  5:26  Probe (Chrono Boost)  
  69  5:28  Gateway  
  69  5:31  Gateway  
  69  5:33  Gateway  
  69  5:35  Pylon  
  69  5:37  Probe (Chrono Boost)  
  69  5:38  Probe (Chrono Boost)  
  69  5:40  Stalker  
  73  5:42  Stalker  
  73  5:46  Probe x2 (Chrono Boost)  
  77  5:50  Pylon  
  77  5:55  Pylon  
  77  5:56  Probe x2 (Chrono Boost)  
  79  5:59  Observer  
  80  6:06  Stalker  
  80  6:07  Stalker  
  80  6:08  Probe x2 (Chrono Boost)  
  86  6:12  Probe (Chrono Boost)  
  86  6:13  Probe (Chrono Boost)  
  86  6:14  Pylon  
  88  6:22  Probe x2  
  88  6:23  Probe  
  91  6:27  Immortal  
  91  6:32  Stalker  
  97  6:34  Sentry, Probe  
  97  6:36  Stalker  
  97  6:38  Stalker  
  104  6:41  Stalker  
  104  6:42  Probe  
  104  6:43  Probe  
  104  6:45  Phoenix  
  108  6:48  Twilight Council  
  108  6:50  Forge  
  108  6:53  Forge  
  108  7:02  Assimilator x2, Probe x3  
  108  7:07  Zealot x3  
  117  7:08  Zealot  
  119  7:16  Immortal  
  119  7:17  Zealot  
  119  7:19  Probe  
  119  7:20  Probe x2  
  128  7:28  Protoss Ground Weapons Level 1 (Chrono Boost)  
  128  7:29  Nexus, Protoss Ground Armor Level 1 (Chrono Boost), Charge (Chrono Boost)  
  128  7:32  Pylon  
  128  7:35  Pylon  
  128  7:36  Probe x3  
  131  7:40  Templar Archives  
  131  7:50  Probe x2  
  131  7:51  Probe  
  134  8:02  Probe x2  
  134  8:03  Probe  
  137  8:06  Zealot x5  
  147  8:14  Probe  
  147  8:15  Probe  
  147  8:19  Pylon  
  149  8:22  Pylon  
  149  8:34  Pylon  
  149  8:36  Pylon  
  149  8:37  Probe x3  
  149  8:38  Immortal  
  149  8:40  High Templar x5  
  149  8:41  Pylon  
  166  8:47  Assimilator  
  166  8:52  Assimilator  
  166  8:55  Nexus  
  166  8:56  Pylon  
  166  8:59  Pylon  
  166  9:00  Gateway  
  166  9:03  Gateway  
  166  9:05  Gateway  
  166  9:10  Gateway  
  166  9:11  Gateway  
  166  9:13  High Templar x5  
  166  9:16  Protoss Ground Weapons Level 2 (Chrono Boost), Protoss Ground Armor Level 2 (Chrono Boost)  
  176  9:17  Archon x5  
  176  9:20  Immortal  
  180  9:41  Gateway  
  180  9:43  Gateway  
  180  9:45  Gateway  
  180  9:47  Gateway  
  180  9:48  Zealot x5  
  180  9:49  Gateway  
  190  9:53  Gateway  
  190  9:56  Pylon  
  190  10:00  Zealot x3  
  190  10:05  Zealot x2  
  176  10:52  Robotics Facility  
  176  10:54  Immortal (Chrono Boost)  
  160  10:57  Gateway  
  160  10:58  Gateway  
  160  11:01  Gateway  
  160  11:02  Zealot x11  
  160  11:03  Zealot x5  
  176  11:15  Photon Cannon  
  176  11:17  Photon Cannon x2  
  170  11:19  Shield Battery, Photon Cannon  
  170  11:21  Shield Battery  
  170  11:23  Photon Cannon  
  170  11:25  High Templar x8  
  162  11:26  Photon Cannon, High Templar x8  
  162  11:27  Shield Battery  
  162  11:29  Photon Cannon  
  162  11:31  Photon Cannon  
  162  11:32  Shield Battery  
  178  11:33  Assimilator, Protoss Ground Weapons Level 3 (Chrono Boost)  
  178  11:35  Assimilator, Photon Cannon  
  178  11:39  Photon Cannon, Protoss Ground Armor Level 3 (Chrono Boost)  
  170  11:40  Shield Battery  
  170  11:41  Dark Shrine  
  154  11:57  Archon  
  154  11:58  Archon x6  
  154  11:59  Archon, Zealot  
  154  12:00  Zealot x7  
  154  12:01  Zealot  
  172  12:08  Immortal (Chrono Boost)  
  172  12:09  Immortal (Chrono Boost)  
  180  12:23  High Templar  
  180  12:24  High Templar x3  
  180  12:25  Zealot x5  
  180  12:27  Zealot  
  200  12:30  Archon  
  200  12:31  Archon  
  200  13:10  Nexus  
  198  13:14  Pylon  
  198  13:17  Pylon  
  198  13:18  Immortal x2 (Chrono Boost)  
  190  13:26  Zealot  
  196  13:28  Zealot x2  
  180  13:50  Zealot  
  180  13:51  Zealot x9  
  200  14:06  Photon Cannon  
  200  14:08  Photon Cannon  
  200  14:09  Shield Battery  
  200  14:12  Assimilator  
  200  14:14  Assimilator  
Tags
 
Add a new tag
Caveats
  • Supply blocks, unpowered buildings, or Contaminate may cause inaccurate times.
  • Supply counts are checked every 10 seconds.